 Dungeon Crawl Stone Soup version 0.28.0-43-g3370ac3207 (webtiles) character file.

Game seed: 14076001622244276963

104129 Kaptain the Earth Mage (level 16, -2/105 HPs)
             Began as a Gargoyle Earth Elementalist on Mar 18, 2022.
             Slain by Donald
             ... wielding a +6 eveningstar of holy wrath
              (51 damage)
             ... on level 2 of the Lair of Beasts.
             The game lasted 01:30:33 (40709 turns).

Kaptain the Earth Mage (GrEE)                      Turns: 40709, Time: 01:30:34

Health: -2/105     AC: 35    Str: 19    XL:     16   Next: 37%
Magic:  6/31       EV: 12    Int: 22    God:
Gold:   1338       SH: 11    Dex: 12    Spells: 9/38 levels left

rFire   . . .      SeeInvis .   r - +8 morningstar of Neurosis {holy, rCorr Dex+2}
rCold   + + +      Faith    .   M - +1 buckler {rC+}
rNeg    + . .      Spirit   .   R - +0 ice dragon scales
rPois   ∞          Reflect  +   (helmet restricted)
rElec   +          Harm     .   G - +1 cloak
rCorr   +          Rampage  .   g - +1 pair of gloves
Will    ++...                   v - +0 pair of boots
Stlth   ++........              f - amulet of reflection
HPRegen 0.27/turn               q - ring "Jycan" {Contam +Blink rF+ Str+5}
MPRegen 0.22/turn               h - +4 ring of protection

@: mighty, flying, very slightly contaminated, studying Armour
A: sickness immunity, AC +12, big wings, negative energy resistance 1,
electricity resistance, torment resistance 1, petrification resistance, antennae
1, strong-willed 1, sturdy frame 1
a: Evoke Blink


You were on level 2 of the Lair of Beasts.
You visited 5 branches of the dungeon, and saw 22 of its levels.
You also visited: Ice Cave.

You collected 2509 gold pieces.
You spent 1171 gold pieces at shops.

Inventory:

Hand Weapons
 a - a +4 scimitar of flaming
 b - a +3 flail of protection
 j - a +2 hunting sling of flaming
 r - the +8 morningstar of Neurosis (weapon) {holy, rCorr Dex+2}
   (You found it on level 9 of the Dungeon)

   It has been blessed by the Shining One to cause great damage to the undead
   and demons.
   Dex:       It affects your dexterity (+2).
   rCorr:     It protects you from acid and corrosion.
Missiles
 c - 279 stones
 u - 128 sling bullets
Armour
 g - a +1 pair of gloves (worn)
 o - a +2 robe of resistance
 v - a +0 pair of boots (worn)
 z - the +1 chain mail of the Ego {rElec rC+ rN+++ Int-4}
   (You bought it in a shop on level 1 of the Orcish Mines)

   Int:       It affects your intelligence (-4).
   rC:        It protects you from cold.
   rElec:     It insulates you from electricity.
   rN:        It renders you almost immune to negative energy.
 G - a +1 cloak (worn)
 M - a +1 buckler of cold resistance (worn)
 Q - a +2 kite shield of cold resistance
 R - +0 ice dragon scales (worn)
 U - the +4 chain mail "Jyblifug" {Str+5}
   (You found it in an ice cave)

   Str:       It affects your strength (+5).
Magical Staves
 D - a staff of conjuration
 T - a staff of earth
Jewellery
 f - an amulet of reflection (around neck)
 h - a +4 ring of protection (right hand)
 p - a ring of wizardry
 q - the ring "Jycan" (left hand) {Contam +Blink rF+ Str+5}
   (You acquired it on level 2 of the Orcish Mines)

   [ring of protection from fire]

   Str:       It affects your strength (+5).
   rF:        It protects you from fire.
   +Blink:    It lets you blink.
   Contam:    It causes magical contamination when unequipped.
 s - the ring of Menk {rC+ rN+ Dex+5}
   (You bought it in a shop on level 3 of the Dungeon)

   [ring of protection from cold]

   Dex:       It affects your dexterity (+5).
   rC:        It protects you from cold.
   rN:        It protects you from negative energy.
 L - the ring "Zijiast" {Fire Contam Will+ rCorr}
   (You found it on level 5 of the Lair of Beasts)

   [ring of fire]

   It enhances your fire magic.
   rF:        It protects you from fire.
   rC:        It makes you vulnerable to cold.
   Contam:    It causes magical contamination when unequipped.
   rCorr:     It protects you from acid and corrosion.
   Will:      It increases your willpower.
 O - the ring "Miesor" {rN+ Int+3}
   (You found it in an ice cave)

   [ring of positive energy]

   Int:       It affects your intelligence (+3).
   rN:        It protects you from negative energy.
Wands
 e - a wand of paralysis (3)
 k - a wand of digging (5)
 I - a wand of iceblast (9)
 N - a wand of acid (1)
 P - a wand of mindburst (11)
Scrolls
 i - a scroll of magic mapping
 m - a scroll of enchant armour
 t - 3 scrolls of enchant weapon
 w - 6 scrolls of teleportation
 x - 4 scrolls of fear
 y - 6 scrolls of identify
 H - 2 scrolls of amnesia
 S - 3 scrolls of fog
 V - a scroll of summoning
 W - a scroll of immolation
Potions
 d - 3 potions of lignification
 l - 2 potions of mutation
 C - 4 potions of curing
 K - 3 potions of haste
Miscellaneous
 n - a tin of tremorstones (2/2)


   Skills:
 * Level 13.7 Fighting
 + Level 10.5 Armour
 - Level 7.0 Dodging
 + Level 4.6 Stealth
 + Level 6.3 Shields
 * Level 11.9 Spellcasting
 * Level 13.8 Conjurations
 - Level 0.7 Transmutations
 + Level 1.5 Fire Magic
 * Level 15.4 Earth Magic


You had 9 spell levels left.
You knew the following spells:

 Your Spells              Type           Power      Damage    Failure   Level
a - Sandblast             Erth           100%       2d20      1%          1
b - Stone Arrow           Conj/Erth      100%       3d13      1%          3
c - Iskenderun's Battles  Conj           65%        2d11      1%          5
d - Blink                 Tloc           26%        N/A       21%         2
e - Iron Shot             Conj/Erth      33%        9d7       4%          6
f - Fireball              Conj/Fire      23%        3d11      16%         5
g - Orb of Destruction    Conj           32%        9d10      36%         7

Your spell library contained the following spells:

 Spells                   Type           Power      Damage    Failure   Level
 Shock                    Conj/Air       100%       1d9       1%          1
 Passwall                 Tmut/Erth      40%        N/A       1%          2
 Petrify                  Tmut/Erth      48%        N/A       4%          4
 Animate Armour           Summ/Erth      94%        N/A       5%          4
 Leda's Liquefaction      Hex/Erth       23%        N/A       5%          4
 Hailstorm                Conj/Ice       43%        3d10      8%          4
 Freeze                   Ice            52%        1d7       13%         1
 Summon Small Mammal      Summ           52%        N/A       13%         1
 Ensorcelled Hibernation  Hex/Ice        26%        N/A       21%         2
 Spider Form              Tmut/Pois      14%        N/A       32%         3
 Call Canine Familiar     Summ           13%        N/A       36%         3
 Confusing Touch          Hex            13%        N/A       36%         3
 Frozen Ramparts          Ice            26%        1d4       36%         3
 Gell's Gravitas          Tloc           13%        N/A       36%         3
 Lesser Beckoning         Tloc           13%        N/A       36%         3
 Ozocubu's Armour         Ice            13%        N/A       36%         3
 Portal Projectile        Hex/Tloc       26%        N/A       36%         3
 Summon Guardian Golem    Hex/Summ       13%        N/A       36%         3
 Swiftness                Air            13%        N/A       36%         3
 Teleport Other           Tloc           13%        N/A       36%         3
 Tukima's Dance           Hex            13%        N/A       36%         3
 Freezing Cloud           Conj/Ice/Air   16%        6-21      47%         5
 Conjure Ball Lightning   Conj/Air       21%        3x3d6     75%         6
 Airstrike                Air            6%         N/A       78%         4
 Anguish                  Hex/Necr       6%         N/A       78%         4
 Passage of Golubria      Tloc           13%        N/A       78%         4
 Blade Hands              Tmut           8%         N/A       95%         5
 Yara's Violent Unravell  Hex/Tmut       7%         3d5       97%         5
 Manifold Assault         Tloc           13%        N/A       98%         5
 Metabolic Englaciation   Hex/Ice        6%         N/A       98%         5
 Spellforged Servitor     Conj/Summ      21%        N/A       99%         7
 Simulacrum               Ice/Necr       6%         N/A       100%        6
 Enfeeble                 Hex            6%         N/A       100%        7
 Ozocubu's Refrigeration  Ice            6%         4d6       100%        7
 Chain Lightning          Conj/Air       21%        3d28      100%        9
 Fire Storm               Conj/Fire      23%        8d6       100%        9
 Shatter                  Erth           34%        3d28*     100%        9


Dungeon Overview and Level Annotations

Branches:
Dungeon (12/15)            Temple (1/1) D:6            Lair (6/6) D:9
 Shoals (0/4) Lair:2       Spider (1/4) Lair:2        Slime (0/5) Lair:5
    Orc (2/2) D:9             Elf (0/3) Orc:2         IceCv (visited)

Altars:
Ashenzari
Cheibriados
Dithmenos
Elyvilon
Fedhas
Gozag
Hepliaklqana
Kikubaaqudgha
Makhleb
Nemelex Xobeh
Okawaru
Qazlal
Ru
Sif Muna
Trog
Uskayaw
Vehumet
Wu Jian
Xom
Yredelemnul
Zin
The Shining One
Beogh

Shops:
D:3 *   D:5 (((*   Orc:1 ![*[   Orc:2 :*[[

Annotations:
Lair:2 Donald


Innate Abilities, Weirdness & Mutations

You are immune to sickness and miasma.
Your stone body is resilient. (AC +12)
You are immune to poison.
Your large and strong wings let you fly.
You resist negative energy. (rN+)
You are resistant to electric shocks. (rElec)
You are resistant to unholy torment.
You are immune to petrification.
You have a pair of small antennae on your head.
You are strong-willed. (Will+)
Your movements are slightly less encumbered by armour. (ER -2)


Message History

You feel a surge of power!
You miscast Orb of Destruction.
You are very lightly contaminated with residual magic.
You are blasted with magical energy!!
Donald says, "That guy with the scythe is really mean."
Casting: Orb of Destruction (quite dangerous; 36% risk of failure)
Confirm with . or Enter, or press ? or * to list all spells.
You don't have enough magic to cast this spell.
Unknown command.
Aiming: Paralyse
Press: ? - help, Shift-Dir - straight line, f/p - Donald
Aim: Donald, wielding a +6 eveningstar of holy wrath, wearing a +0 chain mail and wearing a +2 kite shield (magical condensation, heavily wounded, strong, chance to affect: 1%)
Okay, then.
Aiming: Mindburst
Press: ? - help, Shift-Dir - straight line, f/p - Donald
Aim: Donald, wielding a +6 eveningstar of holy wrath, wearing a +0 chain mail and wearing a +2 kite shield (magical condensation, heavily wounded, strong, chance to affect: 6%)
Okay, then.
You feel agile.
The +8 morningstar of Neurosis {holy, rCorr Dex+2} softly glows with a divine radiance!
r - the +8 morningstar of Neurosis (weapon)
{holy, rCorr Dex+2} Donald says, "The people that built this place?
They must be crazy."
You feel very mighty all of a sudden.
Casting: Orb of Destruction (quite dangerous; 36% risk of failure)
Confirm with . or Enter, or press ? or * to list all spells.
You don't have enough magic to cast this spell.
Unknown command.
You impale Donald!!
Donald is severely wounded.
Donald hits you with a +6 eveningstar of holy wrath!!!
Unknown command.
Donald blocks your attack.
Donald is severely wounded.
Donald says, "You must run out of gods to curse by."
You block Donald's attack.
Donald casts a spell.
Donald seems to speed up.
Unknown command.
Donald blocks your attack.
Donald is severely wounded.
Donald hits you with a +6 eveningstar of holy wrath!!!
You die...

..# #...... ..## ###....## ...#
#......# ...########### ##...<.##
...##.....##.###########.....@.##
...............................).
..........................°......
.................................
................@@...............
.................############....
.................#####...)##.#...
###....P..#.##..###..#...#####.##
#..............##...####PP#####
##.............###...#....#.# #
###............#..#.#.....#.#
##..............#..##......#.#
##P..............#..#..≈##..#.###


You could see Donald (fast, strong).

Vanquished Creatures
  A shadow dragon (D:12)
  A tengu reaver (D:12)
  An orc warlord (Orc:1)
  Azrael (D:12)
  A dire elephant (Lair:6)
  Snorg (Lair:5)
  The ghost of Ruewk the Archer, a journeyman CeAM of Okawaru (Lair:5)
  An ettin (D:12)
  Josephine (D:12)
  Erolcha (D:9)
  A boulder beetle (D:9)
  An ice dragon (Lair:5)
  A centaur warrior (D:8)
  6 hydras
  3 catoblepae
  Erica (D:8)
  9 death yaks
  4 orc high priests
  Urug (Orc:2)
  Sonja (Orc:1)
  2 bog bodies (IceCv)
  2 lindwurms
  A deep elf archer (D:12)
  5 orc sorcerers
  5 orc knights
  4 oklob plants (Lair:5)
  2 ugly things
  A cyclops (D:11)
  A wolf spider (Lair:2)
  2 manticores (Lair:6)
  9 elephants
  7 black mambas
  An ice statue (IceCv)
  Joseph (D:9)
  2 torpor snails
  15 cane toads
  A yaktaur (D:12)
  4 rime drakes
  Psyche (D:9)
  9 komodo dragons
  A kobold demonologist (D:12)
  2 ice devils (IceCv)
  An anaconda simulacrum (IceCv)
  4 merfolk (Lair:2)
  2 polar bears
  7 trolls
  A hornet (D:9)
  The ghost of dangdung the Insei, an amateur OpTm (D:4)
  36 blink frogs
  9 dream sheep
  2 jumping spiders (Lair:2)
  A culicivora (Spider:1)
  5 wyverns
  5 wraiths (D:12)
  Eustachio (D:3)
  3 basilisks
  6 fire elementals
  41 yaks
  3 redbacks
  6 vampire mosquitoes (D:11)
  Grum (D:9)
  2 steam dragons
  2 death yak simulacra (IceCv)
  3 wargs (Orc:1)
  An acid dragon (D:10)
  3 hell hounds (D:12)
  A hydra simulacrum (Lair:5)
  20 water moccasins
  3 ice beasts (D:6)
  22 orc warriors
  2 black bears (D:5)
  3 necrophages
  6 ogres
  3 black mamba simulacra (Lair:5)
  32 wolves
  9 centaurs
  A phantom (D:5)
  2 kobold brigands
  A gnoll sergeant (D:6)
  2 scorpions
  10 bullfrogs
  3 cane toad simulacra (IceCv)
  An earth elemental (D:10)
  5 two-headed ogre simulacra (IceCv)
  A water moccasin skeleton (D:6)
  A dream sheep simulacrum (Lair:5)
  2 wyvern skeletons
  10 killer bees
  4 elephant simulacra (IceCv)
  3 howler monkeys
  3 wights (D:9)
  2 electric eels (Lair:4)
  A bullfrog zombie (D:6)
  3 centaur zombies
  2 gnoll shamans
  18 orc priests
  A centaur skeleton (D:3)
  3 hounds
  A bullfrog skeleton (D:3)
  An iguana (D:5)
  16 orc wizards
  5 troll simulacra (IceCv)
  6 spriggan simulacra (IceCv)
  4 wolf simulacra (IceCv)
  3 howler monkey zombies
  16 gnolls
  5 naga simulacra (IceCv)
  7 adders
  A river rat (D:4)
  A shadow imp (D:6)
  4 white imps
  9 ufetubi
  3 dart slugs
  86 orcs
  8 endoplasms
  2 giant cockroaches
  6 goblins
  7 hobgoblins
  3 jackals (D:3)
  5 quokkas
  10 ball pythons
  3 bats
  6 frilled lizards
  14 kobolds
  5 rats
  A butterfly (Lair:2)
680 creatures vanquished.

Vanquished Creatures (others)
  A water elemental (D:10)
  An air elemental (D:10)
  59 fungi
  56 plants
  5 toadstools (D:10)
122 creatures vanquished.

Grand Total: 802 creatures vanquished

Notes
Turn   | Place    | Note
-------+----------+-------------------------------------------
     0 | D:1      | Kaptain the Gargoyle Earth Elementalist began the quest for
                  | the Orb.
     0 | D:1      | Reached XP level 1. HP: 10/10 MP: 3/3
   160 | D:1      | Reached XP level 2. HP: 16/16 MP: 3/5
   578 | D:1      | Reached skill level 1 in Conjurations
   771 | D:1      | Reached skill level 1 in Fighting
  1173 | D:2      | Reached XP level 3. HP: 19/20 MP: 6/6
  1177 | D:2      | Learned a level 3 spell: Stone Arrow
  1256 | D:2      | Found a faded altar of an unknown god.
  1267 | D:2      | Reached skill level 4 in Earth Magic
  1773 | D:3      | Reached skill level 1 in Armour
  1776 | D:3      | Reached XP level 4. HP: 25/25 MP: 2/7
  2108 | D:3      | Reached XP level 5. HP: 30/30 MP: 5/8
  2835 | D:3      | Found Lyj Wyhe's Assorted Antiques.
  3623 | D:3      | Reached XP level 6. HP: 36/36 MP: 4/10
  4017 | D:4      | Noticed Eustachio
  4093 | D:3      | Killed Eustachio
  4094 | D:3      | Reached skill level 5 in Earth Magic
  4094 | D:3      | Reached XP level 7. HP: 35/41 MP: 0/11
  4567 | D:4      | Found a runed translucent door.
  4575 | D:4      | Noticed dangdung's ghost (amateur OpTm)
  4584 | D:4      | Killed dangdung's ghost
  4609 | D:4      | Found a runed translucent door.
  4679 | D:4      | Found a hide-covered altar of Uskayaw.
  4732 | D:5      | Entered Level 5 of the Dungeon
  4829 | D:5      | Reached XP level 8. HP: 48/48 MP: 6/13
  4906 | D:5      | Reached skill level 6 in Earth Magic
  4985 | D:5      | Learned a level 5 spell: Iskenderun's Battlesphere
  5560 | D:5      | Found Meikecw's Antique Weapon Boutique.
  5562 | D:5      | Found Wodil's Weapon Boutique.
  5563 | D:5      | Found Idghusidis's Antique Weapon Boutique.
  5563 | D:5      | Found Iwkinael's Assorted Antiques.
  6203 | D:3      | Bought a warped golden ring for 110 gold pieces
  6203 | D:3      | Identified the ring of Menk {rC+ rN+ Dex+5} (You bought it
                  | in a shop on level 3 of the Dungeon)
  6473 | D:6      | Reached skill level 5 in Conjurations
  6502 | D:6      | Reached skill level 5 in Fighting
  7126 | D:6      | Reached skill level 7 in Earth Magic
  7126 | D:6      | Reached XP level 9. HP: 54/54 MP: 8/16
  7182 | D:6      | Found a staircase to the Ecumenical Temple.
  7188 | Temple   | Entered the Ecumenical Temple
  7612 | D:6      | Reached skill level 5 in Spellcasting
  9130 | D:8      | Reached skill level 8 in Earth Magic
  9558 | D:7      | Reached XP level 10. HP: 61/61 MP: 14/18
 10415 | D:8      | Noticed Erica
 10601 | D:8      | Killed Erica
 10662 | D:8      | Identified the +0 leather armour of Parts Unknown {Contam
                  | rF+ Regen+}
 10682 | D:8      | Reached skill level 5 in Armour
 10730 | D:8      | Noticed a centaur warrior
 10735 | D:8      | Killed a centaur warrior
 10736 | D:8      | Reached skill level 9 in Earth Magic
 11221 | D:9      | Identified the +8 morningstar of Neurosis {holy, rCorr
                  | Dex+2}
 11264 | D:9      | Noticed Psyche
 11267 | D:9      | Killed Psyche
 11304 | D:9      | Found a staircase to the Lair.
 11472 | D:9      | Found a staircase to the Orcish Mines.
 11925 | D:9      | Found an ancient bone altar of Kikubaaqudgha.
 11942 | D:9      | Noticed Grum
 11946 | D:9      | Killed Grum
 11947 | D:9      | Reached XP level 11. HP: 59/68 MP: 14/21
 12245 | D:9      | Found an iron altar of Okawaru.
 12249 | D:9      | Found a glowing golden altar of the Shining One.
 12252 | D:9      | Found an opulent altar of Gozag.
 12252 | D:9      | Found a hazy altar of Hepliaklqana.
 12358 | D:9      | Noticed Erolcha
 12365 | D:9      | Killed Erolcha
 12456 | D:9      | Noticed Joseph
 12462 | D:9      | Killed Joseph
 12675 | Lair:1   | Entered Level 1 of the Lair of Beasts
 12752 | Lair:1   | Reached skill level 10 in Earth Magic
 13305 | Lair:1   | You fall into a shaft and drop 1 floor!
 13337 | Lair:2   | Reached skill level 5 in Dodging
 14874 | Lair:2   | Reached XP level 12. HP: 42/76 MP: 24/24
 15214 | Lair:2   | Found a hole to the Spider Nest.
 15432 | Lair:2   | Noticed a seven-headed hydra
 15437 | Lair:2   | Killed a seven-headed hydra
 15438 | Lair:2   | Reached skill level 11 in Earth Magic
 15766 | Lair:2   | Found a staircase to the Shoals.
 16708 | Lair:2   | Reached skill level 10 in Conjurations
 17333 | Lair:2   | Reached skill level 10 in Fighting
 17534 | Lair:3   | Found a gate leading to a gauntlet.
 17823 | Lair:3   | Found a frozen archway.
 17840 | IceCv    | Entered an ice cave
 18471 | IceCv    | Identified the ring "Miesor" {rN+ Int+3}
 18733 | IceCv    | Reached skill level 12 in Earth Magic
 19347 | IceCv    | Reached XP level 13. HP: 80/83 MP: 3/26
 19744 | IceCv    | Got the Incunabulum of the Snowflakes
 19745 | IceCv    | Identified the +4 chain mail "Jyblifug" {Str+5}
 19893 | Lair:3   | Reached skill level 1 in Shields
 20217 | Lair:3   | Gained mutation: Your large and strong wings let you fly.
                  | [Gargoyle growth]
 20217 | Lair:3   | Reached XP level 14. HP: 90/90 MP: 27/27
 20218 | Lair:3   | Gained mutation: Your magical capacity is low. (-10% MP)
                  | [potion of mutation]
 20218 | Lair:3   | Gained mutation: Your movements are slightly less
                  | encumbered by armour. (ER -2) [potion of mutation]
 20219 | Lair:3   | Lost mutation: Your magical capacity is low. (-10% MP)
                  | [potion of mutation]
 20219 | Lair:3   | Lost mutation: Your movements are slightly less encumbered
                  | by armour. (ER -2) [potion of mutation]
 20219 | Lair:3   | Gained mutation: Your body sometimes deteriorates upon
                  | taking damage. [potion of mutation]
 20219 | Lair:3   | Gained mutation: You are partially covered in large bone
                  | plates. (SH +4) [potion of mutation]
 20220 | Lair:3   | Lost mutation: Your body sometimes deteriorates upon taking
                  | damage. [potion of mutation]
 20220 | Lair:3   | Lost mutation: You are partially covered in large bone
                  | plates. (SH +4) [potion of mutation]
 20220 | Lair:3   | Gained mutation: Your flesh is heat resistant. (rF+)
                  | [potion of mutation]
 20220 | Lair:3   | Gained mutation: You occasionally shout uncontrollably at
                  | your foes. [potion of mutation]
 20298 | Lair:3   | Lost mutation: Your flesh is heat resistant. (rF+) [potion
                  | of mutation]
 20298 | Lair:3   | Lost mutation: You occasionally shout uncontrollably at
                  | your foes. [potion of mutation]
 20298 | Lair:3   | Gained mutation: You have a pair of small antennae on your
                  | head. [potion of mutation]
 20298 | Lair:3   | Gained mutation: You have hidden genetic potential. [potion
                  | of mutation]
 20723 | Lair:4   | Reached skill level 13 in Earth Magic
 21440 | Lair:3   | Reached skill level 10 in Spellcasting
 21772 | Lair:4   | Learned a level 2 spell: Blink
 22121 | Lair:4   | Learned a level 6 spell: Iron Shot
 23027 | Lair:5   | Noticed Ruewk's ghost (journeyman CeAM)
 23342 | Lair:5   | Noticed Snorg
 23356 | Lair:5   | Killed Snorg
 23926 | Lair:5   | Identified the +6 morningstar "Ehau" {vorpal, rF- rC- rN+++
                  | Str+4}
 24190 | Lair:5   | Found a runed translucent gate.
 24191 | Lair:5   | Found a runed translucent gate.
 24194 | Lair:5   | Found a runed translucent gate.
 24678 | Lair:5   | Found a staircase to the Slime Pits.
 25632 | Lair:5   | Reached XP level 15. HP: 87/96 MP: 3/29
 25795 | Lair:5   | Killed Ruewk's ghost
 26065 | Lair:5   | Got the ring "Zijiast" {Fire Contam Will+ rCorr}
 26116 | Lair:6   | Entered Level 6 of the Lair of Beasts
 26145 | Lair:5   | Reached skill level 14 in Earth Magic
 27296 | Lair:6   | Gained mutation: Your movements are slightly less
                  | encumbered by armour. (ER -2) [hidden potential]
 28894 | Lair:6   | Reached skill level 5 in Shields
 29983 | Orc:1    | Entered Level 1 of the Orcish Mines
 30156 | Orc:1    | Found Ogusyr's Antique Armour Boutique.
 30210 | Orc:1    | Found Zuupn's Distillery.
 30213 | Orc:1    | Identified a scroll of acquirement
 30464 | Orc:1    | Found Kyssoic's Armour Boutique.
 30515 | Orc:1    | Found Mojaalen's General Store.
 30891 | Orc:1    | Noticed an orc warlord
 31057 | Orc:1    | Killed an orc warlord
 31911 | Orc:2    | Entered Level 2 of the Orcish Mines
 32223 | Orc:2    | Noticed Sonja
 32230 | Orc:2    | Noticed Urug
 32332 | Orc:2    | Killed Urug
 32575 | Orc:1    | Killed Sonja
 33156 | Orc:2    | Paralysed by an orc sorcerer for 6 turns
 34050 | Orc:2    | Reached skill level 15 in Earth Magic
 34583 | Orc:1    | Reached skill level 10 in Armour
 34583 | Orc:1    | Reached XP level 16. HP: 91/104 MP: 3/31
 34933 | Orc:2    | Found a staircase to the Elven Halls.
 35173 | Orc:2    | Found Siafybrunn's Book Shoppe.
 35173 | Orc:2    | Found Mucelun's General Store.
 35175 | Orc:2    | Found Keafu's Antique Armour Shoppe.
 35175 | Orc:2    | Found Ipesad's Armour Boutique.
 35192 | Orc:2    | Bought a book of Annihilations for 900 gold pieces
 35192 | Orc:2    | Acquired the ring "Jycan" {Contam +Blink rF+ Str+5}
 35244 | Orc:1    | Bought a heavily runed chain mail for 161 gold pieces
 35244 | Orc:1    | Identified the +1 chain mail of the Ego {rElec rC+ rN+++
                  | Int-4} (You bought it in a shop on level 1 of the Orcish
                  | Mines)
 35394 | D:10     | Entered Level 10 of the Dungeon
 35791 | D:10     | Found a large runed translucent door.
 35793 | D:10     | Found a large runed translucent door.
 37531 | D:12     | Noticed Azrael
 37552 | D:12     | Killed Azrael
 37576 | D:12     | Gained mutation: You are strong-willed. (Will+) [hidden
                  | potential]
 37576 | D:12     | Lost mutation: You have hidden genetic potential. [hidden
                  | potential expressed]
 38108 | D:12     | Noticed Josephine
 38115 | D:12     | Killed Josephine
 38116 | D:12     | Reached skill level 1 in Fire Magic
 38640 | D:12     | Found a runed translucent door.
 38640 | D:12     | Noticed a tengu reaver
 38640 | D:12     | Noticed a shadow dragon
 39062 | D:12     | Killed a tengu reaver
 39417 | D:12     | Killed a shadow dragon
 39953 | Spider:1 | Entered Level 1 of the Spider Nest
 40165 | Spider:1 | Noticed Donald
 40636 | Lair:1   | Learned a level 5 spell: Fireball
 40644 | Lair:1   | Learned a level 7 spell: Orb of Destruction
 40709 | Lair:2   | Slain by Donald

Illustrated notes

Levels and vault maps discovered:
D:1:      scummos_arrival_hexagon, layout_basic
D:2:      layout_rooms, shapermc_ecumenical_altar_gd, kennysheep_generic_room_9
D:3:      layout_rooms, serial_shops, shop
D:4:      layout_cave_pools, nicolae_overflow_hidden_temple,
          ebering_ghost_sewer_f, nrook_mini_vaults, uniq_eustachio
D:5:      black_bear_nest_1, layout_basic, minmay_shop_grid_forest,
          serial_park_tiny_2, roderic_lattice_a
D:6:      layout_loops_ring, minmay_temple_entry_proselytizer
D:7:      layout_cave_pools
D:8:      layout_gridville, special_room [special_room_orc], uniq_erica
D:9:      layout_loops_ring, nicolae_overflow_hallway_of_the_gods,
          lair_entry_dummy, david_orc_5, uniq_grum, uniq_psyche, uniq_joseph,
          uniq_erolcha
D:10:     layout_cave_pools, minmay_gold_behind_fungi, lightli_elemental_guards
D:11:     layout_gridville
D:12:     layout_rooms, minmay_hidden_floor, uniq_josephine, uniq_azrael
Temple:   eino_temple_rhombus
Lair:1:   layout_roguey, special_room [special_room_bee]
Lair:2:   layout_hall_layers, elwin_shoals_entry_stream, spider_nest_entry_a,
          hangedman_lair_generics_rect, lemuel_fruit_fields
Lair:3:   layout_big_grid, portal_ice_cave_entry_pillars_2,
          gauntlet_entry_generic, cheibrodos_lair_reptile_den,
          grunt_megastairs_3
Lair:4:   layout_cave_pods, infiniplex_staircase_pool_2, serial_bayou_shore_a
Lair:5:   layout_cave_pods, minmay_slime_entry_oklob_enclosed,
          gammafunk_ghost_icy, uniq_snorg
Lair:6:   hangedman_lair_in_review, layout_layer_cave, infiniplex_staircase_pool
Spider:1: nicolae_spider_mines_3, nicolae_spider_nook,
          hangedman_spider_tarantella_strand, uniq_donald
Orc:1:    layout_diamond_mine, serial_shops, nicolae_shop_behind_doors,
          shop_fountains, shop_fountains, nicolae_shop_behind_doors, rock_pile
Orc:2:    grunt_orc_tribal_feast, layout_caves, uniq_urug, uniq_sonja

Skill      XL: |  1  2  3  4  5  6  7  8  9 10 11 12 13 14 15 16 |
---------------+-------------------------------------------------+-----
Conjurations   | 1 2 3 4 5 6 8 9 10 11 12 13 | 13.8
Fighting       | 1 2 3 5 6 7 9 10 11 12 13 | 13.7
Earth Magic    | 4 5 7 8 9 10 12 13 15 | 15.4
Armour         | 1 2 3 4 5 6 7 8 10 | 10.5
Dodging        | 2 3 4 5 6 7 |  7.0
Spellcasting   | 3 4 5 6 8 9 10 11 | 11.9
Shields        | 2 4 5 6 |  6.3
Stealth        | 3 4 |  4.6
Fire Magic     | 1 |  1.5
Transmutations | |  0.7

Action                   |  1- 3 |  4- 6 |  7- 9 | 10-12 | 13-15 | 16-18 || total
-------------------------+-------+-------+-------+-------+-------+-------++-------
Melee: Mace              |     6 |       |       |       |       |       ||     6
       Dagger            |    47 |     9 |       |       |       |       ||    56
       Flail             |       |    10 |    62 |     6 |       |       ||    78
       Punch             |       |       |     1 |     3 |       |       ||     4
       Morningstar       |       |       |       |   173 |   262 |    73 ||   508
       Staff             |       |       |       |     3 |       |       ||     3
 Fire: Hunting sling     |       |    32 |       |     3 |       |       ||    35
 Cast: Sandblast         |    34 |    42 |    82 |    64 |    72 |     2 ||   296
       Stone Arrow       |       |    18 |    87 |   260 |   436 |   127 ||   928
       Iskenderun's Batt |       |       |     1 |    24 |     9 |       ||    34
       Iron Shot         |       |       |       |       |    54 |    25 ||    79
       Orb of Destructio |       |       |       |       |       |     3 ||     3
Evoke: Wand              |       |       |       |       |     2 |     3 ||     5
  Use: Potion            |       |     3 |       |     3 |     8 |     4 ||    18
       Scroll            |       |     1 |     7 |    10 |     9 |     3 ||    30
 Stab: Sleeping          |     2 |       |       |     2 |       |       ||     4
       Petrified         |       |       |       |       |    11 |       ||    11
       Petrifying        |       |       |       |       |     1 |       ||     1
Armor: Robe              |    14 |    13 |       |   195 |    18 |       ||   240
       Leather armour    |       |    25 |    67 |    12 |       |       ||   104
       Chain mail        |       |       |       |       |    99 |       ||    99
       Ice dragon scales |       |       |       |       |   250 |   124 ||   374
Dodge: Dodged            |    26 |    59 |    58 |   252 |   231 |    65 ||   691
Block: Other             |     5 |    29 |    42 |    91 |       |       ||   167
       Reflection        |       |       |     3 |     7 |     9 |    16 ||    35
       Buckler           |       |       |       |    11 |   306 |   117 ||   434
       Kite shield       |       |       |       |       |    46 |       ||    46
